 Dungeon Crawl Stone Soup version 0.24-a0-769-g368c1644f8 (webtiles) character file.

Game seed: 13361481791727474395, levelgen mode: deterministic

64983 MrRokkomies the Nimble (level 15, -19/115 HPs)
             Began as a Gnoll Arcane Marksman on Sept 27, 2019.
             Was a High Priest of Hepliaklqana.
             Demolished by an orc warlord
             ... wielding a +0 battleaxe
              (34 damage)
             ... on level 1 of the Orcish Mines on Oct 5, 2019.
             The game lasted 01:42:39 (23791 turns).

MrRokkomies the Nimble (Gnoll Arcane Marksman)     Turns: 23791, Time: 01:42:42

Health: -19/115    AC: 13    Str: 14    XL:     15   Next: 14%
Magic:  29/29      EV: 19    Int: 20    God:    Hepliaklqana [*****.]
Gold:   2581       SH:  0    Dex: 16    Spells: 10/34 levels left

rFire    + . .     SeeInvis .   G - +11 plutonium sword {*Contam Stlth-}
rCold    . . .     Gourm    .   (shield currently unavailable)
rNeg     . . .     Faith    .   F - +3 leather armour {rF+}
rPois    .         Spirit   .   S - +0 helmet
rElec    .         Reflect  .   N - scarf {cloud immunity}
rCorr    .         Harm     .   z - +0 pair of gloves
MR       ++...                  M - +0 pair of boots
Stlth    +++.......             h - amulet of the acrobat
HPRegen  0.29/turn              l - ring of protection from magic
MPRegen  0.21/turn              C - ring of wizardry

@: no status effects
A: distributed training, reduced essence, fangs 1, iridescent scales 1, robust
1, strong nose
a: Recall Ancestor, Ancestor Identity, Transference, Idealise, Renounce Religion


You were on level 1 of the Orcish Mines.
You worshipped Hepliaklqana.
Hepliaklqana was extremely pleased with you.
You were not hungry.

You visited 4 branches of the dungeon, and saw 21 of its levels.
You also visited: Bailey.

You collected 2845 gold pieces.
You spent 264 gold pieces at shops.

Inventory:

Hand Weapons
 a - a +9 demon trident of freezing
 b - a +3 arbalest of velocity
 v - a +2 shortbow of flaming
 G - the +11 plutonium sword (weapon) {*Contam Stlth-}
   (You found it in a bailey)

   It causes magical contamination when unequipped.
   It makes you less stealthy.
 Z - a +0 battleaxe of electrocution
Missiles
 d - 224 bolts
 g - 45 poisoned darts (quivered)
 y - 209 arrows
 J - 2 throwing nets
 L - 14 silver javelins
 T - 11 curare-tipped darts
Armour
 z - a +0 pair of gloves (worn)
 F - a +3 leather armour of fire resistance (worn)
 M - a +0 pair of boots (worn)
 N - a scarf of cloud immunity (worn)
 S - a +0 helmet (worn)
Jewellery
 h - an amulet of the acrobat (around neck)
 l - a ring of protection from magic (left hand)
 o - an uncursed amulet of regeneration
 r - an uncursed ring of protection from cold
 C - a ring of wizardry (right hand)
Wands
 i - a wand of flame (18)
 k - a wand of digging (9)
 s - a wand of disintegration (32)
 P - a wand of iceblast (3)
 W - a wand of enslavement (1)
 X - a wand of acid (7)
Scrolls
 j - 3 scrolls of immolation
 p - a scroll of amnesia
 q - 13 scrolls of remove curse
 u - 5 scrolls of teleportation
 D - 2 scrolls of fog
 I - a scroll of fear
 K - 2 scrolls of magic mapping
 Q - 3 scrolls of blinking
 R - 2 scrolls of enchant weapon
 U - 2 scrolls of enchant armour
 V - 4 scrolls of identify
Potions
 c - 2 potions of agility
 e - 2 potions of heal wounds
 m - a potion of mutation
 t - 2 potions of magic
 w - 4 potions of curing
 x - a potion of ambrosia
 A - a potion of brilliance
 B - 2 potions of haste
 E - a potion of resistance
 H - 2 potions of might
 O - 4 potions of lignification
Miscellaneous
 n - a phantom mirror
 Y - a fan of gales
Comestibles
 f - 27 rations


   Skills:
 + Level 10.0 Fighting
 + Level 9.6 Short Blades
 + Level 9.6 Long Blades
 + Level 9.6 Axes
 + Level 9.6 Maces & Flails
 + Level 9.6 Polearms
 + Level 9.6 Staves
 + Level 9.6 Slings
 + Level 9.6 Bows
 + Level 10.6 Crossbows
 + Level 9.6 Throwing
 + Level 9.6 Armour
 + Level 10.6 Dodging
 + Level 9.6 Stealth
 + Level 9.6 Shields
 + Level 9.6 Unarmed Combat
 + Level 10.1 Spellcasting
 + Level 8.1 Conjurations
 + Level 9.8 Hexes
 + Level 8.1 Charms
 + Level 8.1 Summonings
 + Level 8.1 Necromancy
 + Level 8.1 Translocations
 + Level 8.1 Transmutations
 + Level 8.1 Fire Magic
 + Level 8.1 Ice Magic
 + Level 8.1 Air Magic
 + Level 8.1 Earth Magic
 + Level 8.1 Poison Magic
 + Level 10.5 Invocations
 + Level 9.6 Evocations


You had 10 spell levels left.
You knew the following spells:

 Your Spells              Type           Power        Failure   Level  Hunger
a - Summon Lightning Spi  Summ/Air       #####...     1%          4    ##.....
b - Slow                  Hex            #####...     1%          2    None
c - Inner Flame           Hex/Fire       #####...     1%          3    None
d - Call Canine Familiar  Summ           #####...     1%          3    None
e - Summon Guardian Gole  Hex/Summ       #####...     1%          3    None
f - Summon Ice Beast      Ice/Summ       #####...     1%          4    ##.....
g - Portal Projectile     Hex/Tloc       #####.       1%          3    None
h - Sticks to Snakes      Tmut           #####...     1%          2    None

Your spell library contained the following spells:

 Spells                   Type           Power        Failure   Level  Hunger
 Beastly Appendage        Tmut           #####.       1%          1    None
 Corona                   Hex            #####..      1%          1    None
 Summon Small Mammal      Summ           ####         1%          1    None
 Call Imp                 Summ           #####...     1%          2    None
 Spider Form              Tmut/Pois      #####.....   1%          3    None
 Cause Fear               Hex            #####.....   1%          4    ##.....
 Ice Form                 Ice/Tmut       #####...     1%          4    ##.....
 Leda's Liquefaction      Hex/Erth       #####.....   1%          4    ##.....
 Blade Hands              Tmut           #####.....   3%          5    ####...


Dungeon Overview and Level Annotations

Branches:
Dungeon (12/15)            Temple (1/1) D:4            Lair (6/6) D:9
  Swamp (0/4) Lair:3       Spider (0/4) Lair:3        Slime (0/5) Lair:5
    Orc (2/2) D:12            Elf (0/3) Orc:2        Bailey (visited)

Altars:
Ashenzari
Cheibriados
Dithmenos
Elyvilon
Fedhas
Gozag
Hepliaklqana
Kikubaaqudgha
Makhleb
Nemelex Xobeh
Okawaru
Qazlal
Ru
Sif Muna
Trog
Uskayaw
Vehumet
Wu Jian
Xom
Yredelemnul
Zin

Shops:
D:6 [   D:7 =   D:8 =   D:9 (   D:12 ?

Portals:
Hell: Lair:6


Innate Abilities, Weirdness & Mutations

Your experience applies equally to all skills.
You have very sharp teeth.
Your uncanny sense of smell can sniff out nearby items.
Your life essence is reduced to manifest your ancestor. (-10% HP)
You are partially covered in iridescent scales. (AC +2)
You are robust. (+10% HP)


Message History

You bite the orc knight, but do no damage.
The orc knight is severely wounded.
The orc warlord hits you with a +0 battleaxe!!
The orc warlord hits Tenoch with a +0 battleaxe!!
Tenoch is destroyed!
The orc knight completely misses you.
You riposte.
You barely miss the orc knight.
The orc knight is severely wounded.
You hit the orc knight.
The orc knight is severely wounded.
The orc warlord misses you.
The orc knight hits you with a +0 great mace.
You closely miss the orc knight.
The orc knight is severely wounded.
The orc warlord hits you with a +0 battleaxe!!
* * * LOW HITPOINT WARNING * * *
The orc knight closely misses you.
You riposte.
You slash the orc knight!
The orc knight is almost dead.
The orc warlord hits you with a +0 battleaxe!!
You die...

##.#...##.................##
####..#....................#
##....#####.........#......##
#.....#...#................####
#...8.'[_.#...................##
#.....#...#.#..................#
##....#####..............#.#..##
##.#.....................######
#...#.#........o@.........##
##.###.#......)o...........#
####....)..#..............####
#................#.......#.##
#..#....................#...#
#####..#......................##
....#.#.#...............#..#...#
##..#...[#...#......#.......#.##
..#.#..........................#


You could see an orc warlord and an orc knight.

Vanquished Creatures
  The ghost of Burgietje the Severer, a journeyman GrFi of Okawaru (Orc:1)
  An ettin (Orc:1)
  Erolcha (D:12)
  4 hydras
  2 two-headed ogres
  3 death yaks (Lair:5)
  A sixfirhy (Lair:6)
  A wizard (Lair:6)
  Pikel (D:6)
  3 orc knights
  2 orc sorcerers
  2 ugly things (D:11)
  An oklob plant (Lair:5)
  3 cyclopes
  A manticore (D:11)
  9 elephants
  Joseph (D:7)
  4 black mambas
  A smoke demon (Lair:6)
  An orange demon (Lair:6)
  7 spiny frogs
  5 rime drakes
  3 komodo dragons
  An ice devil (Lair:6)
  3 trolls
  Grinder (D:6)
  A polar bear (Lair:6)
  8 hippogriffs
  Prince Ribbit (D:6)
  4 slime creatures
  2 dream sheep (Lair:5)
  18 blink frogs
  2 wyverns
  A wraith (Lair:4)
  30 yaks
  Eustachio (D:6)
  A steam dragon (D:10)
  2 hungry ghosts (D:11)
  3 wargs (D:12)
  Menkaure (D:4)
  2 acid dragons (D:11)
  8 water moccasins
  A hell hound (Lair:6)
  2 porcupines
  29 orc warriors
  A slave (D:6)
  2 black bears
  4 phantoms
  3 ice beasts
  An eye of draining (D:11)
  12 ogres
  2 wolves (Lair:3)
  A hexer (Orc:2)
  5 centaurs
  4 big kobolds
  13 crocodiles
  A wyvern zombie (D:12)
  8 bullfrogs
  A wyvern skeleton (D:8)
  2 scorpions
  7 killer bees
  2 vampire bats (Orc:2)
  A wight (D:11)
  2 electric eels (Lair:6)
  2 crimson imps
  6 jellies
  A bullfrog zombie (D:9)
  A quasit (D:6)
  A centaur zombie (D:6)
  7 hounds
  17 orc priests
  Crazy Yiuf (D:2)
  5 iguanas
  4 worker ants
  27 orc wizards
  5 yak simulacra (Lair:2)
  2 polar bear simulacra (Lair:2)
  A wolf simulacrum (Lair:2)
  A howler monkey zombie (D:11)
  8 gnolls (D:7)
  10 adders
  2 shadow imps
  5 oozes
  2 adder skeletons
  3 worms
  4 dart slugs
  5 leopard geckos
  82 orcs
  15 bats
  6 giant cockroaches
  6 goblins
  8 hobgoblins
  10 jackals
  15 kobolds
  6 quokkas
  A ball python skeleton (D:5)
  7 frilled lizards
  A quokka skeleton (D:6)
  4 rats
  A fungus (Lair:5)
534 creatures vanquished.

Vanquished Creatures (collateral kills)
  An orc warlord (D:12)
  Josephine (Lair:4)
  2 hydras (Lair:6)
  Erica (Lair:2)
  A two-headed ogre (Orc:1)
  2 death yaks (Lair:5)
  Urug (Lair:2)
  Sonja (Orc:1)
  An unseen horror (D:12)
  A necromancer (Lair:2)
  An orc knight (Bailey)
  An orb spider (Lair:3)
  3 oklob plants (Lair:5)
  A cyclops (D:11)
  2 elephants (Lair:6)
  2 black mambas
  An orange demon (Lair:6)
  5 spiny frogs
  3 komodo dragons
  A rime drake (Lair:6)
  An ice devil (Lair:6)
  A red devil (Lair:6)
  3 dream sheep (Lair:5)
  3 blink frogs
  A hippogriff (Lair:3)
  3 wraiths (Lair:4)
  A wyvern (Lair:5)
  16 yaks
  A basilisk (D:9)
  A hungry ghost (D:11)
  4 water moccasins
  3 hell hounds (Lair:6)
  5 porcupines
  8 orc warriors
  2 sky beasts
  3 ogres
  A wolf (Lair:3)
  A centaur (D:6)
  3 crocodiles
  4 bullfrogs
  2 big kobolds (D:5)
  A water moccasin zombie (D:5)
  A wyvern skeleton (D:12)
  2 scorpions (D:9)
  A killer bee (D:9)
  A vampire bat (Orc:2)
  A hound (D:9)
  3 orc wizards
  2 orc priests (Orc:1)
  A jelly (D:5)
  An iguana (D:5)
  2 worker ants
  A yak simulacrum (Lair:2)
  A wolf simulacrum (Lair:2)
  A worker ant zombie (D:5)
  An adder skeleton (D:5)
  A leopard gecko (D:6)
  14 orcs
  A jackal (D:8)
  A quokka (D:6)
  A river rat simulacrum (Lair:2)
  A fungus (Lair:2)
138 creatures vanquished.

Vanquished Creatures (others)
  4 yaks (D:9)
  A water moccasin (D:9)
  A slave (D:6)
  2 crocodiles (D:9)
  20 hexers
  3 ancestors
  2 bushes (D:9)
  A butterfly (Lair:2)
  7 fungi
  9 plants
  8 toadstools (D:5)
58 creatures vanquished.

Grand Total: 730 creatures vanquished

Notes
Turn   | Place    | Note
-------+----------+-------------------------------------------
     0 | D:1      | MrRokkomies the Gnoll Arcane Marksman began the quest for
                  | the Orb.
     0 | D:1      | Reached XP level 1. HP: 17/17 MP: 4/4
   326 | D:1      | Reached XP level 2. HP: 23/23 MP: 5/5
   605 | D:1      | Reached XP level 3. HP: 12/28 MP: 4/7
   843 | D:1      | Learned a level 2 spell: Slow
   847 | D:1      | Learned a level 3 spell: Inner Flame
  1257 | D:2      | Found a runed translucent door.
  1258 | D:2      | Noticed Crazy Yiuf
  1693 | D:2      | Reached skill level 1 in Invocations
  1871 | D:2      | Killed Crazy Yiuf
  1871 | D:2      | Reached skill level 1 in Short Blades
  1871 | D:2      | Reached skill level 1 in Long Blades
  1871 | D:2      | Reached skill level 1 in Axes
  1871 | D:2      | Reached skill level 1 in Maces & Flails
  1871 | D:2      | Reached skill level 1 in Polearms
  1871 | D:2      | Reached skill level 1 in Staves
  1871 | D:2      | Reached skill level 1 in Slings
  1871 | D:2      | Reached skill level 1 in Bows
  1871 | D:2      | Reached skill level 1 in Throwing
  1871 | D:2      | Reached skill level 1 in Armour
  1871 | D:2      | Reached skill level 1 in Stealth
  1871 | D:2      | Reached skill level 1 in Shields
  1871 | D:2      | Reached skill level 1 in Unarmed Combat
  1871 | D:2      | Reached skill level 1 in Evocations
  1871 | D:2      | Reached XP level 4. HP: 34/34 MP: 5/8
  1891 | D:2      | Gained mutation: You are robust. (+10% HP) [potion of
                  | mutation]
  1891 | D:2      | Gained mutation: You are partially covered in iridescent
                  | scales. (AC +2) [potion of mutation]
  2021 | D:3      | Learned a level 3 spell: Call Canine Familiar
  2132 | D:3      | Reached skill level 1 in Conjurations
  2132 | D:3      | Reached skill level 1 in Charms
  2132 | D:3      | Reached skill level 1 in Summonings
  2132 | D:3      | Reached skill level 1 in Necromancy
  2132 | D:3      | Reached skill level 1 in Translocations
  2132 | D:3      | Reached skill level 1 in Transmutations
  2132 | D:3      | Reached skill level 1 in Fire Magic
  2132 | D:3      | Reached skill level 1 in Ice Magic
  2132 | D:3      | Reached skill level 1 in Air Magic
  2132 | D:3      | Reached skill level 1 in Earth Magic
  2132 | D:3      | Reached skill level 1 in Poison Magic
  2132 | D:3      | Reached XP level 5. HP: 27/44 MP: 9/9
  2355 | D:3      | Reached XP level 6. HP: 36/51 MP: 10/10
  2588 | D:4      | Noticed Menkaure
  2594 | D:4      | Killed Menkaure
  2594 | D:4      | Reached skill level 5 in Crossbows
  2594 | D:4      | Reached skill level 5 in Dodging
  2668 | D:4      | Found an ancient bone altar of Kikubaaqudgha.
  2824 | D:4      | Reached XP level 7. HP: 54/57 MP: 12/12
  2924 | D:4      | Found a stormy altar of Qazlal.
  2924 | D:4      | Found a shimmering blue altar of Sif Muna.
  3437 | D:4      | Found a staircase to the Ecumenical Temple.
  3450 | Temple   | Entered the Ecumenical Temple
  3500 | Temple   | Became a worshipper of Hepliaklqana the Forgotten
  4256 | D:4      | Found an opulent altar of Gozag.
  4256 | D:4      | Found a sparkling altar of Nemelex Xobeh.
  4263 | D:4      | Learned a level 3 spell: Summon Guardian Golem
  4288 | D:5      | Entered Level 5 of the Dungeon
  4298 | D:5      | Reached XP level 8. HP: 60/60 MP: 14/14
  4670 | D:5      | Reached XP level 9. HP: 41/66 MP: 12/16
  4910 | D:5      | Reached skill level 5 in Spellcasting
  5328 | D:6      | Reached * piety under Hepliaklqana
  5411 | D:6      | Noticed Prince Ribbit
  5461 | D:6      | Killed Prince Ribbit
  5461 | D:6      | Reached skill level 5 in Fighting
  5476 | D:6      | Learned a level 4 spell: Summon Ice Beast
  5780 | D:6      | Noticed Eustachio
  5839 | D:6      | Killed Eustachio
  5872 | D:6      | Got a shimmering war axe
  5873 | D:6      | Identified the +4 war axe of Slow Death {venom, *Rage rPois
                  | Int+7 Dex-3} (You found it on level 6 of the Dungeon)
  5903 | D:6      | Found Tocaynik's Armour Shop.
  5910 | D:6      | Reached skill level 5 in Invocations
  5913 | D:6      | Bought a +3 leather armour of fire resistance for 264 gold
                  | pieces
  5928 | D:6      | Noticed Pikel
  5937 | D:6      | Killed Pikel
  5937 | D:6      | Reached XP level 10. HP: 74/74 MP: 18/18
  6291 | D:6      | Found a shimmering altar of Xom.
  6310 | D:6      | Found a snail-covered altar of Cheibriados.
  6526 | D:6      | Reached skill level 5 in Short Blades
  6526 | D:6      | Reached skill level 5 in Long Blades
  6526 | D:6      | Reached skill level 5 in Axes
  6526 | D:6      | Reached skill level 5 in Maces & Flails
  6526 | D:6      | Reached skill level 5 in Polearms
  6526 | D:6      | Reached skill level 5 in Staves
  6526 | D:6      | Reached skill level 5 in Slings
  6526 | D:6      | Reached skill level 5 in Bows
  6526 | D:6      | Reached skill level 5 in Throwing
  6526 | D:6      | Reached skill level 5 in Armour
  6526 | D:6      | Reached skill level 5 in Stealth
  6526 | D:6      | Reached skill level 5 in Shields
  6526 | D:6      | Reached skill level 5 in Unarmed Combat
  6526 | D:6      | Reached skill level 5 in Evocations
  6538 | D:6      | Found a glowing silver altar of Zin.
  6538 | D:6      | Noticed an angel
  6711 | D:6      | Noticed Grinder
  6718 | D:6      | Paralysed by Grinder for 3 turns
  6719 | D:6      | Killed Grinder
  6828 | D:6      | Learned a level 3 spell: Portal Projectile
  6837 | D:7      | Noticed Joseph
  6850 | D:7      | Killed Joseph
  7277 | D:7      | Found Kastif's Jewellery Shop.
  7587 | D:7      | Reached ** piety under Hepliaklqana
  7596 | D:7      | Remembered your ancestor Tenoch as a hexer
  8024 | D:8      | Found a white marble altar of Elyvilon.
  8298 | D:8      | Found an iron altar of Okawaru.
  8541 | D:8      | Found Oteaj's Jewellery Emporium.
  8917 | D:9      | Reached XP level 11. HP: 82/82 MP: 17/20
  9033 | D:9      | Found a staircase to the Lair.
  9054 | D:9      | Reached skill level 5 in Conjurations
  9054 | D:9      | Reached skill level 5 in Charms
  9054 | D:9      | Reached skill level 5 in Summonings
  9054 | D:9      | Reached skill level 5 in Necromancy
  9054 | D:9      | Reached skill level 5 in Translocations
  9054 | D:9      | Reached skill level 5 in Transmutations
  9054 | D:9      | Reached skill level 5 in Fire Magic
  9054 | D:9      | Reached skill level 5 in Ice Magic
  9054 | D:9      | Reached skill level 5 in Air Magic
  9054 | D:9      | Reached skill level 5 in Earth Magic
  9054 | D:9      | Reached skill level 5 in Poison Magic
  9098 | D:9      | Found Tedwein's Antique Weapon Emporium.
  9138 | D:9      | Got a silken robe
  9149 | D:9      | Identified the +1 robe of Lamaw {-Cast rF++} (You found it
                  | on level 9 of the Dungeon)
  9445 | Lair:1   | Entered Level 1 of the Lair of Beasts
  9458 | Lair:1   | Noticed a seven-headed hydra
  9474 | Lair:1   | Killed a seven-headed hydra
  9941 | Lair:1   | Reached *** piety under Hepliaklqana
 10551 | Lair:1   | Reached XP level 12. HP: 75/91 MP: 18/23
 11479 | Lair:2   | Reached **** piety under Hepliaklqana
 11523 | Lair:2   | Noticed Urug
 11544 | Lair:2   | Killed Urug
 11548 | Lair:2   | Upgraded the game from 0.24-a0-653-g3936067ed8 to
                  | 0.24-a0-699-g5a66b1aa3b
 11784 | Lair:2   | Noticed Erica
 11802 | Lair:2   | Killed Erica
 12528 | Lair:2   | Learned a level 4 spell: Summon Lightning Spire
 12689 | Lair:3   | Found a staircase to the Swamp.
 12729 | Lair:3   | Found a hole to the Spider Nest.
 13621 | Lair:4   | Reached XP level 13. HP: 98/98 MP: 25/25
 13900 | Lair:4   | Got a wizard robe
 13916 | Lair:4   | Identified the cursed +0 robe "Xiathrun" {rN+ Regen+ Int+4
                  | Dex-5} (You found it on level 4 of the Lair of Beasts)
 14030 | Lair:4   | Noticed Josephine
 14036 | Lair:4   | Killed Josephine
 14085 | Lair:4   | Upgraded the game from 0.24-a0-699-g5a66b1aa3b to
                  | 0.24-a0-736-g4e6fe308c7
 14636 | Lair:5   | Reached ***** piety under Hepliaklqana
 15179 | Lair:5   | Found a staircase to the Slime Pits.
 15550 | Lair:6   | Entered Level 6 of the Lair of Beasts
 15649 | Lair:5   | HP: 4/100 [wyvern (8)]
 16279 | Lair:6   | Reached XP level 14. HP: 48/108 MP: 6/27
 16652 | Lair:6   | Found a burning altar of Makhleb.
 16835 | Lair:6   | Reached skill level 10 in Crossbows
 16835 | Lair:6   | Reached skill level 10 in Dodging
 17108 | Lair:6   | Learned a level 2 spell: Sticks to Snakes
 17858 | Lair:6   | Found a gateway to Hell.
 18031 | D:10     | Entered Level 10 of the Dungeon
 18058 | D:10     | You fall into a shaft and drop 1 floor!
 19170 | D:12     | Reached skill level 10 in Invocations
 19424 | D:12     | Found a flagged portal.
 19439 | Bailey   | Entered a bailey
 19812 | Bailey   | Upgraded the game from 0.24-a0-736-g4e6fe308c7 to
                  | 0.24-a0-769-g368c1644f8
 19840 | Bailey   | Found the +11 plutonium sword {*Contam Stlth-}
 20267 | D:12     | Found a staircase to the Orcish Mines.
 20477 | D:12     | Found Rupn's Magic Scroll Shop.
 20860 | Orc:1    | Entered Level 1 of the Orcish Mines
 20861 | Orc:1    | Noticed Erolcha
 20873 | Orc:1    | Noticed an orc warlord
 20941 | D:12     | Killed Erolcha
 21219 | D:12     | Killed an orc warlord
 21711 | Orc:1    | Noticed Sonja
 21744 | Orc:1    | Killed Sonja
 21903 | Orc:1    | Found an iron altar of Okawaru.
 22341 | Orc:1    | Identified the cursed +1 great mace of the Extremes {holy,
                  | +Blink rF+}
 22343 | Orc:1    | Noticed Burgietje's ghost (journeyman GrFi)
 22344 | Orc:1    | Found a transporter.
 22348 | Orc:1    | Found a transporter.
 22399 | Orc:1    | Killed Burgietje's ghost
 22406 | Orc:1    | Reached XP level 15. HP: 49/115 MP: 9/28
 22595 | Orc:2    | Entered Level 2 of the Orcish Mines
 22601 | Orc:2    | Reached skill level 10 in Spellcasting
 23163 | Orc:2    | Reached skill level 10 in Fighting
 23505 | Orc:2    | Found a staircase to the Elven Halls.
 23677 | Orc:2    | Noticed an orc warlord
 23791 | Orc:1    | Demolished by an orc warlord

Levels and vault maps discovered:
D:1:      dpeg_cavernosity, layout_basic
D:2:      layout_basic, first_ration, kennysheep_generic_room_16,
          uniq_crazy_yiuf_cottage
D:3:      layout_basic
D:4:      minmay_chambers_of_fours, layout_layer_cave,
          grunt_temple_overflow_opulence, kiku_gazebo_garden_becter,
          gammafunk_temple_overflow_wave, minmay_temple_entry_overgrown,
          uniq_menkaure
D:5:      cheibrodos_fertilizer, layout_basic
D:6:      layout_loops_ring, zin_angel, xom_teletrap_fun,
          kennysheep_slug_shrine, serial_shops, shop, uniq_grinder,
          uniq_prince_ribbit1, uniq_eustachio, uniq_pikel
D:7:      layout_loops_ring, grunt_ogre_cave, chequers_serial_rivers_small_b,
          roderic_st_hans_cross, minmay_shop_enchanted_jewellery, uniq_joseph
D:8:      layout_gridville, kennysheep_mini, serial_shops, shop, okawaru_trees_1
D:9:      layout_gridville, minmay_lair_entry_grove, serial_shops,
          nicolae_shop_crystal
D:10:     layout_loops_ring, uniq_fannar
D:11:     layout_rooms, minmay_shattered_shrine
D:12:     layout_basic, hiddenorc1_lemuel, enter_bailey_8, serial_shops, shop,
          drop_trap, nooodl_food_tri
Temple:   dshaligram_water_room_temple
Lair:1:   layout_hall_layers
Lair:2:   layout_regular_city, eino_house_with_fridge,
          infiniplex_staircase_pool_2, grunt_megastairs_3, lemuel_fruit_fields,
          uniq_erica, uniq_urug
Lair:3:   layout_long_grid, swamp_mist, nicolae_spider_entry_orb_guardian
Lair:4:   layout_big_grid, serial_forest, infiniplex_forest_clump_long,
          infiniplex_forest_end_3, infiniplex_forest_clump_long,
          infiniplex_forest_lined_2, uniq_josephine
Lair:5:   layout_gridlike, minmay_slime_entry_pillars, serial_bayou_pond_a,
          dpeg_oklob_1
Lair:6:   evil_forest, layout_long_grid, serial_bayou_shore_a
Orc:1:    layout_caves, gammafunk_ghost_smash, david_defended_altar_orc,
          uniq_erolcha, uniq_sonja
Orc:2:    st_orc_congregation, layout_caves, roderic_batcave

Skill      XL: |  1  2  3  4  5  6  7  8  9 10 11 12 13 14 15 |
---------------+----------------------------------------------+-----
Invocations    | 1 2 3 4 5 6 7 8 9 10 | 10.5
Short Blades   | 1 2 3 4 5 6 7 8 9 |  9.6
Long Blades    | 1 2 3 4 5 6 7 8 9 |  9.6
Axes           | 1 2 3 4 5 6 7 8 9 |  9.6
Maces & Flails | 1 2 3 4 5 6 7 8 9 |  9.6
Polearms       | 1 2 3 4 5 6 7 8 9 |  9.6
Staves         | 1 2 3 4 5 6 7 8 9 |  9.6
Slings         | 1 2 3 4 5 6 7 8 9 |  9.6
Bows           | 1 2 3 4 5 6 7 8 9 |  9.6
Throwing       | 1 2 3 4 5 6 7 8 9 |  9.6
Armour         | 1 2 3 4 5 6 7 8 9 |  9.6
Stealth        | 1 2 3 4 5 6 7 8 9 |  9.6
Shields        | 1 2 3 4 5 6 7 8 9 |  9.6
Unarmed Combat | 1 2 3 4 5 6 7 8 9 |  9.6
Evocations     | 1 2 3 4 5 6 7 8 9 |  9.6
Spellcasting   | 3 4 5 6 7 8 9 10 | 10.1
Conjurations   | 1 2 3 4 5 6 7 8 |  8.1
Charms         | 1 2 3 4 5 6 7 8 |  8.1
Summonings     | 1 2 3 4 5 6 7 8 |  8.1
Necromancy     | 1 2 3 4 5 6 7 8 |  8.1
Translocations | 1 2 3 4 5 6 7 8 |  8.1
Transmutations | 1 2 3 4 5 6 7 8 |  8.1
Fire Magic     | 1 2 3 4 5 6 7 8 |  8.1
Ice Magic      | 1 2 3 4 5 6 7 8 |  8.1
Air Magic      | 1 2 3 4 5 6 7 8 |  8.1
Earth Magic    | 1 2 3 4 5 6 7 8 |  8.1
Poison Magic   | 1 2 3 4 5 6 7 8 |  8.1
Fighting       | 3 4 5 6 7 8 9 10 | 10.0
Crossbows      | 5 6 7 8 9 10 | 10.6
Dodging        | 5 6 7 8 9 10 | 10.6
Hexes          | 6 7 8 9 |  9.8

Action                   |  1- 3 |  4- 6 |  7- 9 | 10-12 | 13-15 || total
-------------------------+-------+-------+-------+-------+-------++-------
Melee: Unarmed           |     2 |       |       |       |       ||     2
       Bite              |     5 |     5 |    19 |    51 |    54 ||   134
       Hand axe          |    44 |       |       |       |       ||    44
       Quarterstaff      |       |    86 |   231 |       |       ||   317
       War axe           |       |       |    11 |   371 |       ||   382
       Punch             |       |       |       |    14 |    24 ||    38
       Demon trident     |       |       |       |   172 |   613 ||   785
       Triple sword      |       |       |       |       |    29 ||    29
 Fire: Hand crossbow     |    41 |    41 |    21 |   111 |    82 ||   296
       Arbalest          |       |       |       |       |   102 ||   102
Throw: Dart              |       |       |     8 |    10 |       ||    18
       Throwing net      |       |       |       |     1 |       ||     1
 Cast: Slow              |     1 |       |       |       |    11 ||    12
       Corona            |     1 |       |       |       |       ||     1
       Summon Guardian G |       |       |     3 |     2 |     5 ||    10
       Summon Ice Beast  |       |       |       |    27 |    58 ||    85
       Portal Projectile |       |       |       |     2 |    18 ||    20
       Call Canine Famil |       |       |       |     1 |     2 ||     3
       Summon Lightning  |       |       |       |     1 |    10 ||    11
       Inner Flame       |       |       |       |       |     3 ||     3
       Sticks to Snakes  |       |       |       |       |     9 ||     9
Invok: Ancestor Identity |       |       |     1 |       |       ||     1
       Recall Ancestor   |       |       |       |     2 |     2 ||     4
       Ancestor Life: He |       |       |       |     1 |       ||     1
       Idealise          |       |       |       |       |     1 ||     1
Evoke: Wand              |       |       |       |       |     8 ||     8
  Use: Scroll            |     8 |       |     6 |    21 |    11 ||    46
       Potion            |     1 |     1 |     1 |     1 |     6 ||    10
 Stab: Sleeping          |     1 |     3 |     5 |    12 |    17 ||    38
       Confused          |       |       |     1 |     3 |     9 ||    13
       Distracted        |       |       |       |    11 |     7 ||    18
       Paralysed         |       |       |       |       |     1 ||     1
  Eat: Chunk             |     2 |     4 |     4 |    24 |    10 ||    44
       Ration            |       |       |     2 |     1 |     9 ||    12
Armor: Robe              |    11 |    18 |    54 |       |     6 ||    89
       Leather armour    |       |       |       |   157 |   114 ||   271
Dodge: Dodged            |    64 |    89 |   209 |   450 |   526 ||  1338
       Rpst.: Triple sword |       |       |       |       |    16 ||    16

Table legend:
 A = Non-vault XP
 B = Vault XP
 C = Vault XP percentage of total XP
 D = Non-vault monster count
 E = Vault monster count
 F = Vault count percentage of total count
                 A         B        C        D         E       F
            +---------+---------+-------+---------+---------+-------
      Total |   61032 |   31801 |  34.3 |     485 |     190 |  28.1
            +---------+---------+-------+---------+---------+-------
        D:1 |      34 |       7 |  17.1 |      17 |       4 |  19.0
        D:2 |      13 |      44 |  77.2 |       8 |       4 |  33.3
        D:3 |     288 |       0 |   0.0 |      37 |       0 |   0.0
        D:4 |     365 |     418 |  53.4 |      19 |       5 |  20.8
        D:5 |     801 |    1178 |  59.5 |      17 |      18 |  51.4
        D:6 |    1506 |    1374 |  47.7 |      32 |       5 |  13.5
        D:7 |    1475 |     594 |  28.7 |      38 |       2 |   5.0
        D:8 |    1008 |       0 |   0.0 |      20 |       0 |   0.0
        D:9 |    2161 |    1732 |  44.5 |      27 |      13 |  32.5
       D:10 |     310 |       0 |   0.0 |       3 |       0 |   0.0
       D:11 |    3812 |    2000 |  34.4 |      25 |       9 |  26.5
       D:12 |    4792 |    1284 |  21.1 |      28 |      19 |  40.4
     Lair:1 |    6213 |       0 |   0.0 |      25 |       0 |   0.0
     Lair:2 |    3808 |    2406 |  38.7 |      20 |      15 |  42.9
     Lair:3 |    5905 |     575 |   8.9 |      29 |       1 |   3.3
     Lair:4 |    1604 |    1538 |  48.9 |       7 |       5 |  41.7
     Lair:5 |    8646 |    2398 |  21.7 |      26 |       8 |  23.5
     Lair:6 |   11017 |    8159 |  42.5 |      33 |      26 |  44.1
      Orc:1 |    2514 |    4528 |  64.3 |      38 |      11 |  22.4
      Orc:2 |    4760 |     836 |  14.9 |      36 |      27 |  42.9
     Bailey |       0 |    2730 | 100.0 |       0 |      18 | 100.0
            +---------+---------+-------+---------+---------+-------
